 Dungeon Crawl Stone Soup version 0.27-a0-1139-g28e009f8a6 (webtiles) character file.

Game seed: 8633761851478245973

21257 leviel the Cleaver (level 12, -4/106 HPs)
             Began as a Minotaur Fighter on May 7, 2021.
             Was an Elder of Makhleb.
             Slain by a ten-headed hydra (9 damage)
             ... on level 11 of the Dungeon.
             The game lasted 00:15:58 (11235 turns).

leviel the Cleaver (Minotaur Fighter)              Turns: 11235, Time: 00:15:58

Health: -4/106     AC: 21    Str: 24    XL:     12   Next: 52%
Magic:  14/14      EV: 11    Int:  5    God:    Makhleb [****..]
Gold:   646        SH: 13    Dex: 12    Spells: 11/11 levels left

rFire    . . .     SeeInvis .   a - +2 war axe (elec)
rCold    . . .     Faith    .   c - +0 kite shield
rNeg     . . .     Spirit   .   s - +0 plate armour
rPois    .         Reflect  .   (helmet restricted)
rElec    .         Harm     .   i - +1 cloak
rCorr    .         Rampage  .   j - +2 pair of gloves
Will     .....                  (no boots)
Stlth    ..........             (no amulet)
HPRegen  0.27/turn              n - +4 ring of evasion
MPRegen  0.14/turn              z - +4 ring of slaying

@: mighty
A: horns 2, retaliatory headbutt
a: Renounce Religion, Minor Destruction, Lesser Servant of Makhleb, Major
Destruction


You were on level 11 of the Dungeon.
You worshipped Makhleb.
Makhleb was greatly pleased with you.
You visited 2 branches of the dungeon, and saw 14 of its levels.

You collected 646 gold pieces.

Inventory:

Hand Weapons
 a - a +2 war axe of electrocution (weapon)
 w - a +0 war axe
Missiles
 b - 5 javelins (quivered)
 k - 3 boomerangs of dispersal
 I - a throwing net
Armour
 c - a +0 kite shield (worn)
 i - a +1 cloak (worn)
 j - a +2 pair of gloves (worn)
 s - a +0 plate armour (worn)
Jewellery
 n - a +4 ring of evasion (left hand)
 z - a +4 ring of slaying (right hand)
 D - a ring of poison resistance
Wands
 E - a wand of flame (58)
 J - a wand of iceblast (11)
 L - a wand of polymorph (14)
 M - a wand of paralysis (6)
 O - a wand of mindburst (15)
 P - a wand of charming (5)
Scrolls
 g - 4 scrolls of teleportation
 l - 5 scrolls of identify
 x - a scroll of fog
 y - 2 scrolls of holy word
 K - a scroll of fear
Potions
 d - 2 potions of might
 e - a potion of cancellation
 f - a potion of haste {unknown}
 h - a potion of resistance {unknown}
 m - 5 potions of invisibility
 o - 2 potions of curing {unknown}
 p - a potion of ambrosia {unknown}
 q - 2 potions of mutation {unknown}
 r - 3 potions of degeneration {unknown}
 t - 4 potions of flight {unknown}
 u - 2 potions of attraction {unknown}
 v - a potion of berserk rage {unknown}
 A - 3 potions of heal wounds {unknown}
 F - a potion of lignification {unknown}
 H - a potion of magic {unknown}


   Skills:
 + Level 10.3 Fighting
 + Level 14.4 Axes
 + Level 4.3 Throwing
 + Level 11.2 Armour
 - Level 2.2 Dodging
 - Level 1.1 Stealth
 + Level 12.2 Shields
 + Level 4.2 Invocations


You had 11 spell levels left.
You didn't know any spells.
Your spell library contained the following spells:

 Spells                   Type           Power      Damage    Failure   Level
 Corona                   Hex            0%         N/A       100%        1
 Sandblast                Erth           0%         2d4       100%        1
 Shock                    Conj/Air       0%         1d3       100%        1
 Summon Small Mammal      Summ           0%         N/A       100%        1
 Call Imp                 Summ           0%         N/A       100%        2
 Ensorcelled Hibernation  Hex/Ice        0%         N/A       100%        2
 Passwall                 Tmut/Erth      0%         N/A       100%        2
 Slow                     Hex            0%         N/A       100%        2
 Static Discharge         Conj/Air       0%         N/A       100%        2
 Call Canine Familiar     Summ           0%         N/A       100%        3
 Confusing Touch          Hex            0%         N/A       100%        3
 Dazzling Flash           Conj/Hex       0%         N/A       100%        3
 Inner Flame              Hex/Fire       0%         N/A       100%        3
 Portal Projectile        Hex/Tloc       0%         N/A       100%        3
 Stone Arrow              Conj/Erth      0%         3d7       100%        3
 Summon Guardian Golem    Hex/Summ       0%         N/A       100%        3
 Swiftness                Air            0%         N/A       100%        3
 Tukima's Dance           Hex            0%         N/A       100%        3
 Airstrike                Air            0%         N/A       100%        4
 Cause Fear               Hex            0%         N/A       100%        4
 Leda's Liquefaction      Hex/Erth       0%         N/A       100%        4
 Petrify                  Tmut/Erth      0%         N/A       100%        4
 Summon Ice Beast         Ice/Summ       0%         N/A       100%        4
 Summon Lightning Spire   Summ/Air       0%         N/A       100%        4
 Lee's Rapid Deconstruct  Erth           0%         3d5*      100%        5
 Lightning Bolt           Conj/Air       0%         1d11      100%        5


Dungeon Overview and Level Annotations

Branches:
Dungeon (13/15)            Temple (1/1) D:7            Lair (0/6) D:9
    Orc (0/2) D:10         Vaults (0/5) D:13

Altars:
Ashenzari
Cheibriados
Dithmenos
Elyvilon
Fedhas
Gozag
Hepliaklqana
Kikubaaqudgha
Makhleb
Nemelex Xobeh
Okawaru
Qazlal
Ru
Sif Muna
Trog
Uskayaw
Vehumet
Wu Jian
Xom
Yredelemnul
Zin
The Shining One

Annotations:
D:8 1 runed translucent door, voltaire321's ghost, novice OpDe
D:9 3 runed translucent doors, OTABOTABOTAB's ghost, novice VSFi


Innate Abilities, Weirdness & Mutations

You have a pair of horns on your head.
You reflexively headbutt those who attack you in melee.


Message History

* * * LOW HITPOINT WARNING * * *
You block the ten-headed hydra's attack.
The ten-headed hydra bites you but does no damage.
There is an open door here.
The purple ugly thing headbutts your orange demon but does no damage.
Your orange demon stings the purple ugly thing!
The purple ugly thing looks as sick as possible!
Your orange demon poisons the purple ugly thing!
Your orange demon closely misses the purple ugly thing.
The purple ugly thing headbutts your orange demon.
Your orange demon barely misses the purple ugly thing.
Your orange demon hits the purple ugly thing but does no damage.
The purple ugly thing headbutts your orange demon!
Your orange demon stings the purple ugly thing.
The purple ugly thing looks as sick as possible!
Your orange demon poisons the purple ugly thing!
Your orange demon hits the purple ugly thing.
The purple ugly thing dies!
Makhleb accepts your kill.
The ten-headed hydra bites your orange demon. x2
Your orange demon dies!
Press: ? - help, Shift-Dir - straight line, f - ten-headed hydra
Aim: a ten-headed hydra (lightly wounded)
Okay, then.
A demon appears!
As you read the scroll of fear, it crumbles to dust.
You assume a fearsome visage.
Your hellwing is unaffected.
The ten-headed hydra resists with almost no effort.
The ten-headed hydra barely misses you.
You block the ten-headed hydra's attack.
The ten-headed hydra closely misses you.
The ten-headed hydra bites you.
* * * LOW HITPOINT WARNING * * *
The ten-headed hydra bites you.
* * * LOW HITPOINT WARNING * * *
The ten-headed hydra bites you.
* * * LOW HITPOINT WARNING * * *
The ten-headed hydra bites you!
You die...

#[##.##........#
#.#...†..[.....#
##.##.#..####'###
#...#'##..##..#
#.....#....##....##
....##...####....######
... ##.##.#4.........#
# #.#..D.##.#######
#[##.@....#.####### #
###...#####.#.....# ##
##......#...#.....#
.####
####..####.#.#####'###
..#.##
##.#..###...#.#.#....(#
#....# #.....#
#.###...')....# ###.##
##(...# #.......#######
#..###...### #########
##..#....#


You could see a ten-headed hydra (ally target) and a friendly hellwing
(summoned).

Vanquished Creatures
  A boulder beetle (D:12)
  2 hydras (D:12)
  A centaur warrior (D:13)
  5 two-headed ogres
  4 skeletal warriors (D:12)
  An ugly thing (D:11)
  A cyclops (D:11)
  Joseph (D:8)
  A kobold demonologist (D:12)
  2 unseen horrors
  3 yaktaurs (D:13)
  4 trolls
  4 slime creatures (D:12)
  2 shadows
  5 yaks (D:10)
  A human (D:11)
  4 hogs (D:11)
  4 steam dragons
  10 vampire mosquitoes
  2 water moccasins
  An ice beast (D:6)
  8 orc warriors
  A hornet zombie (D:8)
  3 ogres
  6 centaurs
  A phantom (D:4)
  3 kobold brigands (D:12)
  5 scorpions
  7 bullfrogs
  A wyvern zombie (D:7)
  A water moccasin skeleton (D:3)
  9 killer bees
  9 howler monkeys
  3 centaur zombies
  2 hounds
  6 orc priests
  5 jellies
  A centaur skeleton (D:6)
  A scorpion zombie (D:5)
  A gnoll shaman (D:8)
  Jessica (D:2)
  Natasha (thrice) (D:2)
  6 orc wizards
  2 killer bee zombies (D:8)
  2 hound skeletons (D:5)
  5 gnolls (D:8)
  6 adders
  2 shadow imps
  3 white imps
  2 worms
  3 dart slugs
  48 orcs
  11 bats
  5 endoplasms
  2 giant cockroaches
  8 goblins
  3 hobgoblins
  2 iguanas (D:6)
  2 jackals (D:2)
  6 kobolds
  6 quokkas
  7 ball pythons
  3 frilled lizards
  8 rats
278 creatures vanquished.

Vanquished Creatures (collateral kills)
  An ugly thing (D:11)
1 creature vanquished.

Vanquished Creatures (others)
  8 fungi
  6 plants (D:8)
14 creatures vanquished.

Grand Total: 293 creatures vanquished

Notes
Turn   | Place    | Note
-------+----------+-------------------------------------------
     0 | D:1      | leviel the Minotaur Fighter began the quest for the Orb.
     0 | D:1      | Reached XP level 1. HP: 19/19 MP: 0/0
   262 | D:1      | Reached XP level 2. HP: 25/27 MP: 1/1
   677 | D:1      | Found a faded altar of an unknown god.
  1018 | D:2      | Noticed Jessica
  1021 | D:2      | Killed Jessica
  1022 | D:2      | Reached skill level 3 in Axes
  1022 | D:2      | Reached XP level 3. HP: 33/33 MP: 2/2
  1145 | D:2      | Noticed Natasha
  1152 | D:2      | Killed Natasha
  1153 | D:2      | Reached XP level 4. HP: 25/40 MP: 3/3
  1387 | D:2      | Noticed Natasha
  1394 | D:2      | Killed Natasha
  1532 | D:2      | Noticed Natasha
  1540 | D:2      | Killed Natasha
  1541 | D:2      | Reached skill level 4 in Axes
  1553 | D:3      | Reached XP level 5. HP: 42/46 MP: 4/4
  1762 | D:3      | Reached skill level 5 in Axes
  1809 | D:3      | Found a shadowy altar of Dithmenos.
  1935 | D:3      | Found a sacrificial altar of Ru.
  2272 | D:4      | Found a burning altar of Makhleb.
  2609 | D:4      | Reached skill level 5 in Armour
  2609 | D:4      | Reached skill level 1 in Dodging
  2609 | D:4      | Reached XP level 6. HP: 53/53 MP: 5/5
  2680 | D:4      | Found a blossoming altar of Fedhas.
  3004 | D:4      | Reached skill level 5 in Shields
  3122 | D:4      | Became a worshipper of Makhleb the Destroyer
  3187 | D:5      | Entered Level 5 of the Dungeon
  3231 | D:5      | Reached skill level 1 in Throwing
  3371 | D:5      | Reached XP level 7. HP: 24/60 MP: 6/6
  3374 | D:5      | Reached skill level 6 in Axes
  3814 | D:5      | Found a sparkling altar of Nemelex Xobeh.
  4081 | D:6      | Reached skill level 5 in Fighting
  4237 | D:6      | Reached skill level 7 in Axes
  4237 | D:6      | Reached XP level 8. HP: 65/68 MP: 7/7
  4392 | D:6      | Found a shimmering altar of Xom.
  4850 | D:6      | Reached * piety under Makhleb
  4853 | D:6      | Reached skill level 8 in Axes
  4945 | D:6      | Found the +7 Singing Sword {vorpal, sonic wave}
  5123 | D:6      | Noticed a troll
  5130 | D:6      | Killed a troll
  5131 | D:6      | Reached skill level 9 in Axes
  5133 | D:6      | Reached skill level 1 in Stealth
  5473 | D:7      | Reached XP level 9. HP: 18/75 MP: 8/8
  5940 | D:7      | Found a staircase to the Ecumenical Temple.
  6032 | Temple   | Entered the Ecumenical Temple
  6700 | D:8      | Noticed Joseph
  6712 | D:8      | Killed Joseph
  6713 | D:8      | Reached skill level 10 in Axes
  6723 | D:8      | Reached ** piety under Makhleb
  6969 | D:8      | Killed an unseen horror
  6970 | D:8      | Reached skill level 11 in Axes
  7125 | D:8      | Reached XP level 10. HP: 60/86 MP: 9/9
  7491 | D:8      | Found a white marble altar of Elyvilon.
  7560 | D:8      | Found a runed translucent door.
  7660 | D:8      | Identified the +6 trident of Dithmenos's Grace {venom,
                  | Will+}
  7662 | D:8      | Noticed voltaire321's ghost (novice OpDe)
  7843 | D:8      | Found an ornate altar of the Wu Jian Council.
  7852 | D:8      | Found a glowing silver altar of Zin.
  8046 | D:9      | Noticed a two-headed ogre
  8052 | D:9      | Killed a two-headed ogre
  8052 | D:9      | Reached *** piety under Makhleb
  8071 | D:9      | Found an opulent altar of Gozag.
  8286 | D:9      | Found an iron altar of Okawaru.
  8303 | D:9      | Found a runed translucent gate.
  8304 | D:9      | Found a runed translucent gate.
  8304 | D:9      | Found a runed translucent gate.
  8306 | D:9      | Noticed a spectral wolf spider
  8306 | D:9      | Noticed OTABOTABOTAB's ghost (novice VSFi)
  8308 | D:9      | Noticed a spectral centaur warrior
  8516 | D:9      | Noticed a two-headed ogre
  8523 | D:9      | Killed a two-headed ogre
  8524 | D:9      | Reached skill level 12 in Axes
  8538 | D:9      | Found a broken altar of Ashenzari.
  8611 | D:9      | Found a staircase to the Lair.
  8738 | D:10     | Entered Level 10 of the Dungeon
  8862 | D:10     | Found a stormy altar of Qazlal.
  8905 | D:10     | Found a staircase to the Orcish Mines.
  8916 | D:10     | Reached skill level 10 in Shields
  9036 | D:10     | Noticed a two-headed ogre
  9043 | D:10     | Killed a two-headed ogre
  9416 | D:10     | Reached XP level 11. HP: 95/95 MP: 10/10
  9602 | D:10     | You fall into a shaft and drop 2 floors!
  9603 | D:12     | Noticed a boulder beetle
  9607 | D:12     | Noticed a five-headed hydra
  9623 | D:12     | Killed an eight-headed hydra
  9624 | D:12     | Reached skill level 13 in Axes
  9654 | D:12     | Killed a boulder beetle
  9804 | D:12     | Noticed a skeletal warrior
  9804 | D:12     | Noticed a skeletal warrior
  9805 | D:12     | Noticed a skeletal warrior
  9807 | D:12     | Noticed a skeletal warrior
  9812 | D:12     | Killed a skeletal warrior
  9813 | D:12     | Reached skill level 10 in Armour
  9816 | D:12     | Killed a skeletal warrior
  9821 | D:12     | Killed a skeletal warrior
  9828 | D:12     | Killed a skeletal warrior
  9829 | D:12     | Reached skill level 1 in Invocations
 10001 | D:12     | You fall into a shaft and drop 1 floor!
 10002 | D:13     | Found a gate to the Vaults.
 10032 | D:13     | Noticed a two-headed ogre
 10032 | D:13     | Noticed an orc knight
 10038 | D:13     | Noticed an ogre mage
 10039 | D:13     | Noticed a centaur warrior
 10068 | D:13     | Killed a centaur warrior
 10081 | D:13     | Killed a two-headed ogre
 10082 | D:13     | Paralysed by something for 4 turns
 10126 | D:12     | Reached skill level 14 in Axes
 10511 | D:12     | Reached XP level 12. HP: 105/105 MP: 12/12
 10512 | D:12     | Reached **** piety under Makhleb
 10609 | D:12     | Noticed a seven-headed hydra
 10618 | D:12     | Killed an 11-headed hydra
 10850 | D:11     | Noticed a two-headed ogre
 10866 | D:11     | Killed a two-headed ogre
 10867 | D:11     | Reached skill level 10 in Fighting
 11196 | D:11     | Noticed an eight-headed hydra
 11235 | D:11     | HP: 5/106 [ten-headed hydra (1)]
 11235 | D:11     | Slain by a ten-headed hydra

Illustrated notes

Levels and vault maps discovered:
D:1:      lightli_arrival_quake, layout_rooms,
          shapermc_ecumenical_altar_hornbeckon
D:2:      layout_rooms, uniq_jessica, uniq_natasha
D:3:      layout_loops_cross, nicolae_dithmenos_through_a_glass_darkly,
          general_overflow_altar
D:4:      layout_basic, lemuel_crystal_altar, fedhas_ov_isle_minmay
D:5:      kennysheep_spiral_hall, layout_loops_ring,
          nemelex_xobeh_ov_fountains_minmay
D:6:      old_forge, layout_basic, dk_xom_monty_hall
D:7:      layout_basic, minmay_temple_entry_steel_oval
D:8:      layout_basic, elyvilon_altar_3, amethyst_overflow_temple_binary,
          special_room [special_room_orc], ebering_ghost_funeral_grove,
          minmay_sticks_and_stones
D:9:      layout_big_octagon, okawaru_trees_1, lemuel_coloured_pillars_altar,
          grunt_gozag_breadcrumbs, lair_entry_dummy, gammafunk_ghost_necromancy,
          water_maze_lemuel
D:10:     layout_basic, marbit_many_paths, orc_0_dummy, kennysheep_doodads
D:11:     layout_roguey, dk_vineyard_3, grunt_livestock, chequers_avenue,
          minmay_fractal_squares_gapless_7
D:12:     layout_rooms
D:13:     layout_long_grid, hangedman_vaults_entry_quadrant_bands,
          portal_ice_cave_rime, serial_co_window_serial, co_window_paths_a,
          co_window_cross_1, co_window_cross_1, co_window_cross_1,
          co_window_paths_a, co_window_paths_c, co_window_corner_b,
          co_window_cross_3, co_window_broadway_b, co_window_4corner_a,
          glass_columns_a, glass_columns_b, glass_columns_a, glass_columns_a,
          glass_columns_a
Temple:   jpeg_temple_island

Skill      XL: |  1  2  3  4  5  6  7  8  9 10 11 12 |
---------------+-------------------------------------+-----
Shields        | 4 5 7 8 9 10 11 12 | 12.2
Armour         | 4 5 6 8 9 10 11 | 11.2
Fighting       | 4 5 7 8 9 10 | 10.3
Axes           | 3 4 5 7 9 11 12 14 | 14.4
Dodging        | 1 2 |  2.2
Throwing       | 1 2 4 |  4.3
Stealth        | 1 |  1.1
Invocations    | 2 4 |  4.2

Action                   |  1- 3 |  4- 6 |  7- 9 | 10-12 || total
-------------------------+-------+-------+-------+-------++-------
Melee: War axe           |    76 |   130 |   183 |   294 ||   683
       Headbutt          |    12 |    20 |    31 |    85 ||   148
Throw: Javelin           |       |    14 |       |       ||    14
Invok: Lesser Servant of |       |       |       |     6 ||     6
       Minor Destruction |       |       |       |     1 ||     1
       Major Destruction |       |       |       |     1 ||     1
  Use: Scroll            |       |       |       |    19 ||    19
       Potion            |       |       |       |     2 ||     2
Armor: Scale mail        |    35 |    50 |       |       ||    85
       Plate armour      |       |    21 |    94 |   170 ||   285
Dodge: Dodged            |    26 |    35 |    54 |   134 ||   249
Block: Kite shield       |    36 |    83 |   132 |   224 ||   475

Table legend: (Time is in decaauts)
 A = Elapsed time spent in this place.
 B = Non-inter-level travel time spent in this place.
 C = Inter-level travel time spent in this place.
 D = Time resting spent in this place.
 E = Time spent auto-exploring this place.
 F = Levels seen in this place.
 G = Mean time per level.
                   A        B        C        D        E       F      G
               +--------+--------+--------+--------+--------+-----+--------+
         Total |  11425 |  11048 |    377 |   1425 |   7993 |  14 |  816.1 |
       Dungeon |  11158 |  10802 |    356 |   1425 |   7747 |  13 |  858.3 |
        Temple |    267 |    247 |     20 |      0 |    246 |   1 |  267.0 |
               +--------+--------+--------+--------+--------+-----+--------+

Top non-repeatable levels by time:
     D:6: 1423 daAuts
     D:8: 1356 daAuts
    D:12: 1118 daAuts
     D:7: 1029 daAuts
     D:4: 949 daAuts
     D:5: 873 daAuts
    D:10: 862 daAuts
     D:2: 857 daAuts
     D:1: 750 daAuts
     D:3: 749 daAuts
     D:9: 692 daAuts
    D:11: 375 daAuts
  Temple: 267 daAuts
    D:13: 118 daAuts
